Map: Galactic Process LE

Players

Tenonee - Winner!

  • Race: Terran Terran

BlackDeath

  • Race: Terran Terran
  • League: Platinum

VOD

Have the link to the VOD?

Description

Time

  • Played on: July 16, 2016, 10:29 a.m.
  • Length: 11:09
Show
View Real Time Build Order
Export as new Build Order

Tenonee Terran - Winner!

Build Orders:  

Get SALT Encoding   

  12  0:02  SCV  
  13  0:14  SCV  
  14  0:18  Supply Depot  
  14  0:26  SCV  
  15  0:40  SCV  
  15  0:41  Barracks  
  16  0:52  SCV  
  17  1:04  SCV  
  18  1:17  SCV  
  19  1:22  Command Center  
  19  1:30  SCV  
  19  1:31  Marine  
  21  1:42  Orbital Command  
  21  1:49  Marine  
  22  2:01  Supply Depot  
  22  2:07  Barracks, Marine  
  23  2:22  Bunker  
  23  2:23  SCV  
  23  2:27  Marine  
  25  2:33  Refinery x2  
  25  2:35  SCV  
  26  2:43  Orbital Command  
  26  2:48  SCV  
  26  2:51  Marine  
  28  3:01  Marine  
  28  3:02  SCV  
  30  3:13  Marine  
  30  3:14  SCV  
  30  3:16  SCV  
  33  3:20  Barracks Tech Lab  
  33  3:26  SCV  
  34  3:29  SCV  
  34  3:31  Marine  
  36  3:36  Factory  
  36  3:38  Barracks, SCV  
  36  3:41  SCV  
  38  3:45  Marine  
  38  3:46  Stimpack  
  39  3:50  SCV  
  39  3:53  SCV  
  41  3:57  Barracks  
  41  4:03  SCV  
  41  4:05  SCV  
  41  4:06  Marauder  
  45  4:10  Supply Depot  
  45  4:11  Barracks Reactor  
  45  4:15  SCV  
  46  4:17  SCV  
  47  4:26  Factory Tech Lab  
  47  4:27  Supply Depot, Marine, SCV  
  47  4:28  Barracks Tech Lab  
  47  4:30  Barracks Reactor  
  49  4:34  SCV  
  50  4:39  SCV  
  50  4:40  Starport  
  51  4:46  SCV  
  52  4:53  Marine x3  
  52  4:54  Marine  
  52  4:55  Siege Tank  
  52  4:56  SCV  
  60  5:01  Supply Depot  
  60  5:02  Supply Depot  
  60  5:04  Refinery, SCV  
  60  5:05  Refinery  
  61  5:08  SCV  
  61  5:11  Marine  
  54  5:27  Marine x2  
  54  5:28  Marine  
  48  5:34  Marine x2, SCV x2  
  44  5:39  Marine  
  43  5:45  Marine x3  
  43  5:46  SCV  
  44  5:51  Marine  
  44  5:52  Marine  
  44  5:56  Marine  
  47  6:00  Medivac  
  47  6:02  SCV x2  
  47  6:03  Marine x2  
  51  6:19  SCV x2  
  51  6:25  Marine x2  
  53  6:29  Marine x2  
  56  6:37  Marine  
  56  6:41  Marine  
  56  6:43  Marine  
  56  6:45  Marine  
  58  6:51  Marine x2  
  44  7:18  Marine x3  
  44  7:20  Orbital Command  
  45  7:23  Marine x2  
  45  7:24  Marine  
  45  7:27  Siege Tank  
  45  7:28  Viking  
  47  7:35  Marine, SCV  
  47  7:36  Marine  
  50  7:45  Marine  
  50  7:46  Supply Depot  
  50  7:47  SCV  
  52  7:51  SCV  
  52  7:52  Marine  
  54  8:08  Marine  
  54  8:09  Marine  
  54  8:12  Marine x2  
  57  8:13  Marine  
  57  8:17  Barracks Tech Lab  
  59  8:23  Medivac  
  60  8:36  Marine x3  
  60  8:37  Marine x3  
  60  8:41  Siege Tank  
  68  8:54  Marine x2  
  70  8:59  Marine x2  
  70  9:15  Supply Depot  
  70  9:26  Supply Depot x2  
  70  9:36  Marine x6, SCV x2  
  78  9:43  Siege Tank  
  76  9:54  Marine x6  
  81  10:12  Marine x3  
  81  10:13  Marine  
  78  10:23  Marine x2  
  80  10:29  Marine  
  80  10:34  Marine x3  
  87  10:35  Siege Tank  
  87  10:41  Marine x2  
  87  10:48  Marine, SCV x2  
Show
View Real Time Build Order
Export as new Build Order

BlackDeath Terran 

Build Orders:  

Get SALT Encoding   

  12  0:01  SCV  
  13  0:13  SCV  
  14  0:17  Supply Depot  
  14  0:26  Refinery  
  14  0:28  SCV  
  15  0:43  Barracks  
  15  0:49  SCV  
  16  0:54  Refinery  
  16  1:01  SCV  
  17  1:15  SCV  
  18  1:33  Barracks Reactor  
  18  1:47  Factory  
  17  1:58  Supply Depot  
  17  2:03  Orbital Command  
  17  2:13  Marine x2  
  19  2:29  SCV  
  20  2:34  Starport  
  20  2:35  Factory Tech Lab  
  20  2:37  Marine  
  20  2:39  Marine  
  22  2:45  SCV  
  23  2:54  Widow Mine  
  23  2:57  Marine x2  
  27  3:00  SCV  
  28  3:12  Starport Reactor  
  28  3:14  Supply Depot  
  28  3:17  Marine x2  
  30  3:20  SCV  
  31  3:35  Widow Mine  
  31  3:38  Supply Depot  
  33  3:41  Marine x2  
  33  3:48  SCV  
  36  3:51  Medivac  
  38  3:59  Medivac  
  38  4:00  Supply Depot  
  40  4:04  Marine x2  
  40  4:08  SCV  
  43  4:20  SCV  
  43  4:21  Siege Tank  
  47  4:26  Medivac  
  48  4:40  Marine x2  
  50  4:51  SCV  
  51  4:55  Supply Depot  
  51  5:10  Marine  
  51  5:11  Marine  
  53  5:16  Siege Tank  
  42  5:47  Marine x2  
  42  5:49  Viking  
  44  5:52  Siege Tank  
  47  6:05  SCV  
  47  6:10  Marine x2  
  50  6:11  Viking  
  50  6:28  Marine x2  
  52  6:45  Marine  
  52  6:46  Marine  
  49  7:26  Marine x2  
  49  7:27  Viking, Siege Tank  
  56  7:44  Viking  
  58  7:45  Marine x2  
  58  7:46  SCV  
  61  7:58  Command Center  
  61  8:02  Marine  
  62  8:09  Command Center, Marine  
  62  8:10  Siege Tank  
  62  8:20  Marine  
  63  8:31  Supply Depot x2  
  63  8:32  Supply Depot  
  63  8:33  Medivac  
  63  9:05  Marine x2  
  63  9:06  Siege Tank  
  68  9:24  Orbital Command, Refinery  
  68  9:27  Marine x2  
  68  9:28  Viking  
  72  9:44  Marine  
Tags
 
Add a new tag
Caveats
  • Supply blocks, unpowered buildings, or Contaminate may cause inaccurate times.
  • Supply counts are checked every 10 seconds.